 Dungeon Crawl Stone Soup version 0.22.0-21-g8bd1b0a (webtiles) character file.

4084 digijack the Thaumaturge (level 10, 0/74 HPs)
             Began as a Gnoll Wanderer on Aug 19, 2018.
             Was a Believer of Sif Muna.
             Succumbed to barbed spike wounds
             ... on level 9 of the Dungeon.
             The game lasted 01:26:13 (9642 turns).

digijack the Thaumaturge (Gnoll Wanderer)           Turns: 9642, Time: 01:26:14

Health: 0/74       AC:  9    Str: 15    XL:     10   Next: 25%
Magic:  2/22       EV: 14    Int: 21    God:    Sif Muna [**....]
Gold:   369        SH:  0    Dex: 13    Spells: 9/26 levels left

rFire    + + .     SeeInvis .   q - +4 trident of No Interval {pierce, Fragile rF+ Int+2}
rCold    . . .     Gourm    .   (no shield)
rNeg     + + .     Faith    .   s - +2 robe {rN+}
rPois    .         Spirit   .   (no helmet)
rElec    .         Reflect  .   i - +1 cloak
rCorr    .         Harm     .   j - +0 pair of gloves
MR       +....     Clarity  +   d - +0 pair of boots
Stlth    +++.......             g - amulet of regeneration
HPRegen  0.62/turn              t - ring of protection from fire
MPRegen  0.18/turn              n - ring of positive energy

@: barbed spikes
A: distributed training, fangs 1, clarity, magic resistance 1, strong nose
a: Divine Energy, Renounce Religion


You were on level 9 of the Dungeon.
You worshipped Sif Muna.
Sif Muna was pleased with you.
You were not hungry.

You visited 2 branches of the dungeon, and saw 10 of its levels.

You collected 453 gold pieces.
You spent 84 gold pieces at shops.

Inventory:

Hand Weapons
 a - a +3 short sword of flaming
 q - the +4 trident of No Interval (weapon) {pierce, Fragile rF+ Int+2}
   (You found it on level 6 of the Dungeon)

   It inflicts extra damage upon your enemies.
   It affects your intelligence (+2).
   It protects you from fire.
   It will be destroyed if unequipped.
Missiles
 e - 202 stones
 k - 15 tomahawks (quivered)
Armour
 d - a +0 pair of boots (worn)
 i - a +1 cloak (worn)
 j - a +0 pair of gloves (worn)
 s - a +2 robe of positive energy (worn)
Jewellery
 g - an amulet of regeneration (around neck)
 n - a ring of positive energy (right hand)
 t - a ring of protection from fire (left hand)
Wands
 c - a wand of polymorph (5)
 m - a wand of iceblast (28)
 o - a wand of flame (42)
Scrolls
 b - 2 scrolls of fear
 h - 2 scrolls of teleportation
 r - 6 scrolls of remove curse
 u - a scroll of enchant armour
Potions
 l - a potion of curing
Comestibles
 f - 14 rations
 p - 5 chunks of flesh


   Skills:
 + Level 5.0 Fighting
 + Level 5.0 Short Blades
 + Level 5.0 Long Blades
 + Level 5.0 Axes
 + Level 5.0 Maces & Flails
 + Level 5.0 Polearms
 + Level 5.0 Staves
 + Level 5.0 Slings
 + Level 5.0 Bows
 + Level 5.0 Crossbows
 + Level 5.0 Throwing
 + Level 5.0 Armour
 + Level 5.0 Dodging
 + Level 5.0 Stealth
 + Level 5.7 Shields
 + Level 5.0 Unarmed Combat
 + Level 8.8 Spellcasting
 + Level 4.1 Conjurations
 + Level 4.1 Hexes
 + Level 4.1 Charms
 + Level 4.1 Summonings
 + Level 4.1 Necromancy
 + Level 5.7 Translocations
 + Level 4.7 Transmutations
 + Level 4.1 Fire Magic
 + Level 4.1 Ice Magic
 + Level 5.7 Air Magic
 + Level 4.1 Earth Magic
 + Level 4.1 Poison Magic
 + Level 5.5 Invocations
 + Level 5.7 Evocations


You had 9 spell levels left.
You knew the following spells:

 Your Spells              Type           Power        Failure   Level  Hunger
b - Shock                 Conj/Air       ####         1%          1    None
c - Call Imp              Summ           ####....     1%          2    None
d - Mephitic Cloud        Conj/Pois/Air  ####....     3%          3    None
e - Inner Flame           Hex/Fire       ####....     4%          3    None
f - Conjure Flame         Conj/Fire      ####....     4%          3    None
g - Slow                  Hex            ####....     1%          2    None
h - Regeneration          Chrm/Necr      ####......   4%          3    None

Your spell library contained the following spells:

 Spells                   Type           Power        Failure   Level  Hunger
 Animate Skeleton         Necr           N/A          1%          1    None
 Flame Tongue             Conj/Fire      ####.        1%          1    None
 Magic Dart               Conj           ####         1%          1    None
 Pain                     Necr           ####         1%          1    None
 Blink                    Tloc           N/A          1%          2    None
 Static Discharge         Conj/Air       ####....     3%          3    None
 Vampiric Draining        Necr           ####......   4%          3    None
 Animate Dead             Necr           N/A          13%         4    ###....


Dungeon Overview and Level Annotations

Branches:
Dungeon (9/15)             Temple (1/1) D:5
   Lair: D:8-11         Orc: D:9-12

Altars:
Ashenzari
Cheibriados
Dithmenos
Elyvilon
Fedhas
Gozag
Hepliaklqana
Kikubaaqudgha
Makhleb
Nemelex Xobeh
Okawaru
Qazlal
Ru
Sif Muna
Trog
Uskayaw
Vehumet
Wu Jian
Xom
Yredelemnul
Zin
The Shining One

Shops:
D:4 *   D:5 *


Innate Abilities, Weirdness & Mutations

Your experience applies equally to all skills.
You have very sharp teeth.
Your uncanny sense of smell can sniff out nearby items.
You possess an exceptional clarity of mind.
You are resistant to hostile enchantments. (MR+)


Message History

* * * LOW HITPOINT WARNING * * *
The barbed spikes dig painfully into your body as you move.
* * * LOW HITPOINT WARNING * * *
There is an open door, spattered with blood here.
The barbed spikes dig painfully into your body as you move.
* * * LOW HITPOINT WARNING * * *
The manticore barely misses your crimson imp. x2
The manticore completely misses your crimson imp.
The barbed spikes dig painfully into your body as you move.
* * * LOW HITPOINT WARNING * * *
Your crimson imp hits the manticore but does no damage.
The manticore bites your crimson imp! The manticore misses your crimson imp.
The manticore closely misses your crimson imp.
Casting: Call Imp (safe; 1% risk of failure)
Confirm with . or Enter, or press ? or * to list all spells.
Okay, then.
The barbed spikes dig painfully into your body as you move.
* * * LOW HITPOINT WARNING * * *
The barbed spikes dig painfully into your body as you move.
You die...

#...?# #....#
#....#####
#.........
...######H........
........5..#####..
..####'#..# .
#####....#..#
+...@....#..#
#..<.....#..#
#........#..#
#....#####..+
###### ...#


You could see a friendly crimson imp.

Vanquished Creatures
  Psyche (D:9)
  A hippogriff (D:8)
  6 yaks
  A hungry ghost (D:8)
  An orc warrior (D:7)
  2 sky beasts (D:8)
  2 ice beasts
  A black bear (D:9)
  A phantom (D:6)
  3 ogres
  2 centaurs (D:7)
  A big kobold (D:6)
  A bullfrog (D:6)
  A gnoll sergeant (D:6)
  Dowan (D:7)
  A water moccasin skeleton (D:7)
  4 crimson imps
  4 hounds
  5 orc priests
  A centaur skeleton (D:6)
  2 iguanas
  9 orc wizards
  4 worker ants
  A hound zombie (D:7)
  3 gnolls (D:6)
  5 adders
  A howler monkey skeleton (D:4)
  4 shadow imps
  2 oozes (D:4)
  An adder skeleton (D:4)
  2 worms (D:3)
  6 leopard geckos
  32 orcs
  14 bats
  5 giant cockroaches
  7 goblins
  4 hobgoblins
  4 jackals
  10 kobolds
  5 quokkas
  5 ball pythons
  5 frilled lizards
  5 rats
176 creatures vanquished.

Vanquished Creatures (collateral kills)
  A yak (D:8)
  Menkaure (D:6)
  Duvessa (D:7)
  A water moccasin (D:5)
  An orc warrior (D:8)
  A necrophage (D:7)
  2 ogres
  2 bullfrogs
  2 crimson imps
  Crazy Yiuf (D:7)
  A hound (D:6)
  2 orc wizards
  An orc priest (D:4)
  A worker ant (D:4)
  A hound skeleton (D:8)
  2 gnolls
  2 adders (D:2)
  An ooze (D:7)
  2 worms (D:2)
  6 orcs
  A goblin (D:2)
  3 jackals
36 creatures vanquished.

Grand Total: 212 creatures vanquished

Notes
Turn   | Place    | Note
-------+----------+-------------------------------------------
     0 | D:1      | digijack the Gnoll Wanderer began the quest for the Orb.
     0 | D:1      | digijack set off with: a +0 robe, a +0 club, a ration
     0 | D:1      | Reached XP level 1. HP: 13/13 MP: 8/8
     2 | D:1      | Learned a level 1 spell: Flame Tongue
   127 | D:1      | Learned a level 1 spell: Shock
   143 | D:1      | Reached XP level 2. HP: 19/19 MP: 8/10
   398 | D:1      | Learned a level 2 spell: Call Imp
   406 | D:1      | Reached XP level 3. HP: 25/25 MP: 4/11
   628 | D:1      | Learned a level 3 spell: Mephitic Cloud
   632 | D:1      | Learned a level 3 spell: Inner Flame
   703 | D:1      | Learned a level 3 spell: Conjure Flame
  1010 | D:2      | Reached skill level 1 in Invocations
  1300 | D:2      | Reached skill level 1 in Fighting
  1300 | D:2      | Reached skill level 1 in Short Blades
  1300 | D:2      | Reached skill level 1 in Long Blades
  1300 | D:2      | Reached skill level 1 in Axes
  1300 | D:2      | Reached skill level 1 in Maces & Flails
  1300 | D:2      | Reached skill level 1 in Polearms
  1300 | D:2      | Reached skill level 1 in Staves
  1300 | D:2      | Reached skill level 1 in Slings
  1300 | D:2      | Reached skill level 1 in Bows
  1300 | D:2      | Reached skill level 1 in Crossbows
  1300 | D:2      | Reached skill level 1 in Throwing
  1300 | D:2      | Reached skill level 1 in Armour
  1300 | D:2      | Reached skill level 1 in Dodging
  1300 | D:2      | Reached skill level 1 in Stealth
  1300 | D:2      | Reached skill level 1 in Unarmed Combat
  1504 | D:2      | Learned a level 2 spell: Slow
  1538 | D:2      | Reached XP level 4. HP: 32/32 MP: 7/13
  2213 | D:3      | Reached skill level 1 in Conjurations
  2213 | D:3      | Reached skill level 1 in Hexes
  2213 | D:3      | Reached skill level 1 in Charms
  2213 | D:3      | Reached skill level 1 in Summonings
  2213 | D:3      | Reached skill level 1 in Necromancy
  2213 | D:3      | Reached skill level 1 in Fire Magic
  2213 | D:3      | Reached skill level 1 in Ice Magic
  2213 | D:3      | Reached skill level 1 in Earth Magic
  2213 | D:3      | Reached skill level 1 in Poison Magic
  2665 | D:3      | Reached XP level 5. HP: 17/37 MP: 4/14
  2930 | D:3      | Reached XP level 6. HP: 3/44 MP: 0/16
  3276 | D:4      | Found Popsouho's General Store.
  3301 | D:4      | Bought a +1 robe for 84 gold pieces
  3409 | D:4      | Gained mutation: You possess an exceptional clarity of mind. [potion of mutation]
  3409 | D:4      | Gained mutation: You are resistant to hostile enchantments. (MR+) [potion of mutation]
  3872 | D:5      | Entered Level 5 of the Dungeon
  3938 | D:5      | Noticed an ice beast
  3962 | D:5      | Found a staircase to the Ecumenical Temple.
  3986 | D:5      | Killed an ice beast
  3986 | D:5      | Reached XP level 7. HP: 34/50 MP: 0/18
  4040 | Temple   | Entered the Ecumenical Temple
  4140 | Temple   | Became a worshipper of Sif Muna the Loreminder
  4494 | D:5      | Found an ornate altar of the Wu Jian Council.
  4713 | D:5      | Found Cezxac's Assorted Antiques.
  5234 | D:6      | Noticed Menkaure
  5242 | D:6      | Killed Menkaure
  5242 | D:6      | Reached XP level 8. HP: 57/57 MP: 13/19
  5600 | D:6      | Got an iridescent trident
  5601 | D:6      | Identified the +4 trident of No Interval {pierce, Fragile rF+ Int+2} (You found it on level 6 of the Dungeon)
  6210 | D:7      | Found a runed door.
  6210 | D:7      | Noticed Crazy Yiuf
  6217 | D:7      | Killed Crazy Yiuf
  6461 | D:7      | Reached * piety under Sif Muna
  6461 | D:7      | Reached skill level 8 in Spellcasting
  6752 | D:7      | Noticed Duvessa
  6756 | D:7      | Noticed Dowan
  6784 | D:7      | Killed Duvessa
  6923 | D:7      | Killed Dowan
  6923 | D:7      | Reached XP level 9. HP: 65/65 MP: 2/21
  7078 | D:7      | Learned a level 3 spell: Regeneration
  7092 | D:7      | Reached skill level 5 in Translocations
  7092 | D:7      | Reached skill level 5 in Air Magic
  7468 | D:7      | Found a radiant altar of Vehumet.
  7633 | D:7      | Found a white marble altar of Elyvilon.
  7908 | D:8      | Reached skill level 5 in Shields
  7908 | D:8      | Reached skill level 5 in Evocations
  8874 | D:9      | Reached skill level 5 in Invocations
  8914 | D:9      | Noticed Psyche
  8929 | D:9      | Reached ** piety under Sif Muna
  8940 | D:9      | Paralysed by something for 4 turns
  8946 | D:9      | Killed Psyche
  9088 | D:9      | Reached XP level 10. HP: 52/73 MP: 10/22
  9446 | D:8      | Reached skill level 5 in Fighting
  9446 | D:8      | Reached skill level 5 in Short Blades
  9446 | D:8      | Reached skill level 5 in Long Blades
  9446 | D:8      | Reached skill level 5 in Axes
  9446 | D:8      | Reached skill level 5 in Maces & Flails
  9446 | D:8      | Reached skill level 5 in Polearms
  9446 | D:8      | Reached skill level 5 in Staves
  9446 | D:8      | Reached skill level 5 in Slings
  9446 | D:8      | Reached skill level 5 in Bows
  9446 | D:8      | Reached skill level 5 in Crossbows
  9446 | D:8      | Reached skill level 5 in Throwing
  9446 | D:8      | Reached skill level 5 in Armour
  9446 | D:8      | Reached skill level 5 in Dodging
  9446 | D:8      | Reached skill level 5 in Stealth
  9446 | D:8      | Reached skill level 5 in Unarmed Combat
  9606 | D:9      | Noticed a manticore
  9642 | D:9      | Succumbed to barbed spike wounds

Skill      XL: |  1  2  3  4  5  6  7  8  9 10 |
---------------+-------------------------------+-----
Transmutations | 2 3 4 |  4.7
Invocations    | 1 2 3 4 5 |  5.5
Fighting       | 1 2 3 4 5 |  5.0
Short Blades   | 1 2 3 4 5 |  5.0
Long Blades    | 1 2 3 4 5 |  5.0
Axes           | 1 2 3 4 5 |  5.0
Maces & Flails | 1 2 3 4 5 |  5.0
Polearms       | 1 2 3 4 5 |  5.0
Staves         | 1 2 3 4 5 |  5.0
Slings         | 1 2 3 4 5 |  5.0
Bows           | 1 2 3 4 5 |  5.0
Crossbows      | 1 2 3 4 5 |  5.0
Throwing       | 1 2 3 4 5 |  5.0
Armour         | 1 2 3 4 5 |  5.0
Dodging        | 1 2 3 4 5 |  5.0
Stealth        | 1 2 3 4 5 |  5.0
Unarmed Combat | 1 2 3 4 5 |  5.0
Conjurations   | 1 2 3 4 |  4.1
Hexes          | 1 2 3 4 |  4.1
Charms         | 1 2 3 4 |  4.1
Summonings     | 1 2 3 4 |  4.1
Necromancy     | 1 2 3 4 |  4.1
Fire Magic     | 1 2 3 4 |  4.1
Ice Magic      | 1 2 3 4 |  4.1
Earth Magic    | 1 2 3 4 |  4.1
Poison Magic   | 1 2 3 4 |  4.1
Shields        | 3 4 5 |  5.7
Translocations | 4 5 |  5.7
Air Magic      | 4 5 |  5.7
Evocations     | 3 4 5 |  5.7
Spellcasting   | 8 |  8.8

Action                   |  1- 3 |  4- 6 |  7- 9 | 10-12 || total
-------------------------+-------+-------+-------+-------++-------
Melee: Short sword       |     2 |    35 |    23 |       ||    60
       Bite              |       |     1 |    12 |     1 ||    14
       Trident           |       |       |    71 |    15 ||    86
 Cast: Flame Tongue      |    11 |    12 |     8 |       ||    31
       Shock             |    59 |   106 |   162 |    19 ||   346
       Call Imp          |    10 |    25 |    93 |    25 ||   153
       Mephitic Cloud    |     1 |     2 |    25 |     4 ||    32
       Conjure Flame     |       |     4 |     3 |       ||     7
       Slow              |       |     2 |     1 |       ||     3
       Inner Flame       |       |     1 |     3 |       ||     4
       Regeneration      |       |       |       |     2 ||     2
  Use: Potion            |     2 |     5 |     4 |       ||    11
       Scroll            |     5 |     7 |     6 |       ||    18
 Stab: Confused          |       |       |     2 |       ||     2
       Sleeping          |       |       |     2 |       ||     2
  Eat: Chunk             |     2 |     7 |    17 |     2 ||    28
Armor: Robe              |     7 |    11 |    52 |     9 ||    79
       Skin              |       |     6 |       |       ||     6
Dodge: Dodged            |    20 |    28 |    88 |    26 ||   162
